Map: Stargazers

Players

NightMare

  • Race: Protoss Protoss
  • Spawn Location: 11:00

PappiJoe - Winner!

  • Race: Protoss Protoss
  • Spawn Location: 1:00

Event: HomeStory Cup XXII

VOD

Have the link to the VOD?

Description

Time

  • Played on: Dec. 15, 2022, 1:46 p.m.
  • Length: 4:29

All games in this series

Show
View Real Time Build Order
Export as new Build Order

NightMare Protoss 

Build Orders:  

Get SALT Encoding   

  12  0:00  Probe  
  13  0:12  Probe  
  14  0:18  Pylon  
  14  0:24  Probe  
  15  0:36  Probe (Chrono Boost)  
  15  0:40  Gateway  
  16  0:46  Probe (Chrono Boost)  
  16  0:49  Assimilator  
  17  0:51  Probe (Chrono Boost)  
  18  1:03  Probe (Chrono Boost)  
  19  1:13  Assimilator  
  19  1:15  Probe (Chrono Boost)  
  20  1:22  Probe (Chrono Boost)  
  21  1:27  Cybernetics Core  
  21  1:29  Probe  
  21  1:31  Pylon  
  22  1:41  Probe  
  23  1:53  Probe  
  24  2:03  Stalker (Chrono Boost)  
  26  2:13  Nexus  
  26  2:30  Gateway  
  26  2:33  Probe  
  29  2:43  Pylon  
  29  2:50  Shield Battery  
  29  2:54  Shield Battery, Stalker  
  29  2:55  Shield Battery  
  29  2:59  Pylon  
  29  3:04  Pylon  
  29  3:05  Pylon  
  24  3:56  Pylon  
Show
View Real Time Build Order
Export as new Build Order

PappiJoe Protoss - Winner!

Build Orders:  

Get SALT Encoding   

  12  0:00  Probe  
  13  0:12  Probe  
  14  0:17  Pylon  
  14  0:24  Probe  
  15  0:37  Gateway  
  15  0:38  Probe  
  16  0:46  Pylon  
  16  0:50  Probe  
  17  0:59  Pylon  
  17  1:18  Gateway  
  17  1:20  Gateway  
  17  1:26  Gateway  
  17  1:33  Zealot  
  19  1:46  Gateway  
  19  2:05  Zealot (Chrono Boost)  
  23  2:08  Zealot (Chrono Boost)  
  25  2:19  Zealot (Chrono Boost)  
  25  2:26  Zealot (Chrono Boost)  
  25  2:28  Zealot (Chrono Boost)  
  29  2:31  Zealot, Pylon  
  29  2:33  Zealot  
  33  2:49  Zealot  
  35  2:51  Zealot  
  37  2:59  Zealot  
  39  3:25  Zealot  
  39  3:34  Pylon  
  39  3:46  Zealot  
  39  3:52  Zealot x3  
  45  4:20  Pylon  
Tags
 
Matchup
PvP
Replay Pack
hsc22
Spawn Locations
Close Positions
Add a new tag
Caveats
  • Supply blocks, unpowered buildings, or Contaminate may cause inaccurate times.
  • Supply counts are checked every 10 seconds.